 Dungeon Crawl Stone Soup version 0.30-a0-930-gb9d0489357 (webtiles) character file.

Game seed: 3244956150978328246

13493 Dittersdorf the Fighter (level 12, -7/86 HPs)
             Began as a Gargoyle Fighter on Mar 23, 2023.
             Was an Elder of Okawaru.
             Shot with an arrow by a centaur warrior (11 damage)
             ... on level 9 of the Dungeon.
             The game lasted 00:17:11 (9615 turns).

Dittersdorf the Fighter (Gargoyle Fighter)          Turns: 9615, Time: 00:17:12

Health: -7/86      AC: 28    Str: 25    XL:     12   Next: 6%
Magic:  12/12      EV: 12    Int: 12    God:    Okawaru [****..]
Gold:   574        SH:  7    Dex:  9    Spells: 11/11 levels left

rFire   . . .      SeeInvis .    c - +3 whip (elec)
rCold   . . .      Faith    +    f - +1 buckler {reflect}
rNeg    + . .      Spirit   .    j - +0 plate armour
rPois   ∞          Reflect  +    g - +1 hat {Int+3}
rElec   +          Rampage  .    B - +0 cloak
rCorr   .                        t - +0 pair of gloves
Will    .....                    p - +0 pair of boots Stlth
                                 i - amulet of faith
HPRegen 0.34/turn                s - +5 ring of evasion
MPRegen 0.13/turn                (no ring)

@: no status effects
A: sickness immunity, AC +8, negative energy resistance 1, electricity
resistance, torment resistance 1, petrification resistance
a: Renounce Religion, Heroism, Finesse


You were on level 9 of the Dungeon.
You worshipped Okawaru.
Okawaru was greatly pleased with you.
You visited 2 branches of the dungeon, and saw 10 of its levels.
You also visited: Ossuary.

You collected 574 gold pieces.

Inventory:

Hand Weapons
 a - a +0 heavy flail
 c - a +3 whip of electrocution (weapon)
Missiles
 k - a curare-tipped dart (quivered)
Armour
 f - a +1 buckler of reflection (worn)
 g - a +1 hat of intelligence (worn)
 j - a +0 plate armour (worn)
 p - a +0 pair of boots (worn)
 t - a +0 pair of gloves (worn)
 B - a +0 cloak (worn)
Jewellery
 i - an amulet of faith (around neck)
 s - a +5 ring of evasion (left hand)
Wands
 b - a wand of flame (102)
 o - a wand of quicksilver (4)
Scrolls
 e - 3 scrolls of enchant armour
 l - a scroll of magic mapping
 r - 5 scrolls of teleportation
 v - a scroll of blinking
 x - a scroll of poison
 y - a scroll of fear
 z - a scroll of fog
 D - 2 scrolls of noise {unknown}
Potions
 d - 5 potions of might
 h - a potion of brilliance
 m - 3 potions of ambrosia
 n - 6 potions of curing
 q - 2 potions of flight {unknown}
 u - a potion of haste {unknown}
 w - 3 potions of mutation {unknown}
 A - a potion of cancellation {unknown}
 C - a potion of heal wounds
 E - 2 potions of magic


   Skills:
 + Level 14.5 Fighting
 + Level 8.7 Maces & Flails
 + Level 9.8 Armour
 + Level 9.8 Shields


You had 11 spell levels left.
You didn't know any spells.
Your spell library contained the following spells:

 Spells                   Type           Power      Damage    Failure   Level
 Slow                     Hex            0%         N/A       99%         1
 Blink                    Tloc           0%         N/A       99%         2
 Lesser Beckoning         Tloc           0%         N/A       99%         2
 Momentum Strike          Conj/Tloc      0%         3d8       99%         2
 Static Discharge         Conj/Air       0%         2-2/arc   99%         2
 Confusing Touch          Hex            0%         N/A       100%        3
 Kindle Blastsparks       Fire/Tloc/Air  0%         2d10      100%        3
 Portal Projectile        Hex/Tloc       0%         N/A       100%        3
 Vampiric Draining        Necr           0%         2d6       100%        3
 Vhi's Electric Charge    Tloc/Air       0%         N/A       100%        3
 Fulminant Prism          Conj/Hex       0%         3d5       100%        4
 Iskenderun's Mystic Bla  Conj/Tloc      0%         2d3       100%        4
 Leda's Liquefaction      Hex/Erth       0%         N/A       100%        4
 Passage of Golubria      Tloc           0%         N/A       100%        4
 Arcjolt                  Conj/Air       0%         1d10      100%        5
 Lee's Rapid Deconstruct  Erth           0%         3d4*      100%        5
 Plasma Beam              Fire/Air       0%         2x1d11    100%        5
 Yara's Violent Unravell  Hex/Tmut       0%         3d3       100%        5
 Call Canine Familiar     Summ           Unusable   N/A       N/A         3
 Tukima's Dance           Hex            Unusable   N/A       N/A         3

Dungeon Overview and Level Annotations

Branches:
Dungeon (9/15)             Temple (1/1) D:6         Ossuary (visited)
   Lair: D:8-11         Orc: D:9-12

Altars:
Cheibriados
Dithmenos
Elyvilon
Gozag
Hepliaklqana
Kikubaaqudgha
Makhleb
Nemelex Xobeh
Okawaru
Qazlal
Ru
Sif Muna
Trog
Uskayaw
Vehumet
Wu Jian
Yredelemnul
Zin
The Shining One

Shops:
D:2 [   D:5 *


Innate Abilities, Weirdness & Mutations

You are immune to sickness and miasma.
Your stone body is resilient. (AC +8)
You are immune to poison.
You resist negative energy. (rN+)
You are resistant to electric shocks. (rElec)
You are resistant to unholy torment.
You are immune to petrification.


Message History

You are too injured to fight recklessly!
You are too injured to fight recklessly!
You are too injured to fight recklessly!
You are too injured to fight recklessly!
You are too injured to fight recklessly!
You are too injured to fight recklessly!
You are too injured to fight recklessly!
You are too injured to fight recklessly!
You are too injured to fight recklessly!
You are too injured to fight recklessly!
You are too injured to fight recklessly!
You are too injured to fight recklessly!
You are too injured to fight recklessly!
You are too injured to fight recklessly!
The centaur warrior shoots an arrow.
The arrow hits you but does no damage.
The centaur warrior shoots an arrow.
The arrow hits you but does no damage.
The yak snorts and paws the ground.
The centaur warrior shoots an arrow.
The arrow hits you.
The centaur warrior shoots an arrow.
The arrow barely misses you. The yaktaur hits you!
* * * LOW HITPOINT WARNING * * *
The yaktaur changes into a dream sheep!
The centaur warrior shoots an arrow.
The arrow hits you but does no damage.
The centaur warrior shoots an arrow.
You reflect the arrow off your +1 buckler of reflection!
The arrow hits the centaur warrior!
The centaur warrior shoots an arrow.
The arrow hits you.
* * * LOW HITPOINT WARNING * * *
The centaur warrior shoots an arrow.
The arrow hits you but does no damage.
The dream sheep "Baaaas" balefully.
The centaur warrior shoots an arrow.
You reflect the arrow off your +1 buckler of reflection!
The arrow completely misses the centaur warrior.
The centaur warrior shoots an arrow.
The arrow hits you!
* * * LOW HITPOINT WARNING * * *
The centaur warrior shoots an arrow.
The arrow hits you!
* * * LOW HITPOINT WARNING * * *
The dream sheep changes into a cyclops!
The centaur warrior shoots an arrow.
The arrow hits you!
You die...

.....########...##....# #...
................##(###########...
.....#..........[[)<)............
.....##........)##....##...#.#...
#######..(......#####........#...
#.......[.########...#.....
#..................#...####
#########..................###
#............@.)..............
#..........................#..
#..........................#..
#.............................
#............C.............#..
#...........c........##.......
##.##########.#######...####..
#.# ###W#####...###.W#.. #.#
#....##...###..#Y#..


You could see a centaur warrior, a cyclops shaped shifter and a wraith.

Vanquished Creatures
  Gastronok (D:9)
  Maurice (D:8)
  3 kobold demonologists (D:8)
  A hornet (D:9)
  A troll (D:7)
  A wyvern (D:7)
  An unseen horror simulacrum (D:9)
  6 yaks
  Grum (D:8)
  2 steam dragons
  Menkaure (D:5)
  Edmund (D:4)
  An acid dragon (D:9)
  Duvessa (D:7)
  A water moccasin (D:6)
  3 ice beasts
  4 black bears
  A sky beast (D:7)
  4 orc warriors
  3 wolves (D:7)
  An ogre (D:6)
  8 centaurs
  3 phantoms
  6 bullfrogs
  2 kobold brigands
  3 scorpions
  A wyvern zombie (Ossuary)
  Dowan (D:7)
  A killer bee (D:9)
  4 bullfrog zombies (Ossuary)
  6 centaur zombies (Ossuary)
  2 gnoll boudas
  A hound (D:6)
  3 jellies
  15 orc priests
  2 sleepcaps (D:6)
  Ijyb (D:5)
  Terence (D:2)
  4 iguanas
  9 orc wizards
  A killer bee zombie (Ossuary)
  12 mummies (Ossuary)
  2 howler monkey zombies (Ossuary)
  12 gnolls
  6 adders
  2 shadow imps
  A white imp (D:5)
  An ufetubus (D:4)
  6 worms
  36 orcs
  7 ball pythons
  6 bats
  6 endoplasms
  6 giant cockroaches
  4 goblins
  5 hobgoblins
  9 jackals
  3 quokkas
  11 kobolds
  5 rats
253 creatures vanquished.

Vanquished Creatures (others)
  3 plants (D:9)
  9 withered plants (Ossuary)
12 creatures vanquished.

Grand Total: 265 creatures vanquished

Notes
Turn   | Place    | Note
-------+----------+-------------------------------------------
     0 | D:1      | Dittersdorf the Gargoyle Fighter began the quest for the
                  | Orb.
     0 | D:1      | Reached XP level 1. HP: 14/14 MP: 1/1
   158 | D:1      | Reached XP level 2. HP: 19/19 MP: 2/2
  1072 | D:2      | Reached XP level 3. HP: 17/23 MP: 3/3
  1275 | D:1      | Reached XP level 4. HP: 29/29 MP: 4/4
  1450 | D:2      | Noticed Terence
  1468 | D:2      | Killed Terence
  1469 | D:2      | Reached skill level 4 in Fighting
  1530 | D:2      | Found Gotietarr's Armour Shoppe.
  1854 | D:3      | Found a faded altar of an unknown god.
  1868 | D:3      | Reached XP level 5. HP: 22/33 MP: 5/5
  2551 | D:3      | Found a hazy altar of Hepliaklqana.
  2789 | D:4      | Noticed a black bear
  2801 | D:4      | Killed a black bear
  2802 | D:4      | Reached XP level 6. HP: 27/39 MP: 6/6
  3223 | D:4      | Reached skill level 5 in Fighting
  3223 | D:4      | Reached skill level 5 in Armour
  3223 | D:4      | Reached skill level 5 in Shields
  3223 | D:4      | Reached XP level 7. HP: 28/44 MP: 7/7
  3661 | D:5      | Entered Level 5 of the Dungeon
  3709 | D:5      | Noticed Edmund
  3753 | D:4      | Killed Edmund
  3754 | D:4      | Reached XP level 8. HP: 46/51 MP: 8/8
  3774 | D:5      | Noticed Menkaure
  3780 | D:5      | Killed Menkaure
  3781 | D:5      | Reached skill level 6 in Fighting
  3781 | D:5      | Reached skill level 5 in Maces & Flails
  3940 | D:5      | Noticed Ijyb
  3949 | D:5      | Killed Ijyb
  3962 | D:5      | HP: 1/51 [orc priest/divine providence (13)]
  3974 | D:4      | HP: 2/51 [orc/+0 short sword (2)]
  4335 | D:5      | Found a radiant altar of Vehumet.
  4488 | D:5      | Found a hide-covered altar of Uskayaw.
  4827 | D:5      | Found Qounu's Serpentskin Sales.
  4844 | D:5      | Reached XP level 9. HP: 56/56 MP: 9/9
  4945 | D:6      | Reached skill level 7 in Fighting
  5176 | D:6      | Found a staircase to the Ecumenical Temple.
  5192 | Temple   | Entered the Ecumenical Temple
  6042 | D:7      | Noticed Duvessa
  6045 | D:7      | Noticed Dowan
  6052 | D:7      | Killed Duvessa
  6053 | D:7      | Reached skill level 8 in Fighting
  6057 | D:7      | Killed Dowan
  6188 | D:7      | Reached XP level 10. HP: 16/64 MP: 10/10
  6206 | D:7      | Found a sand-covered staircase.
  6211 | Ossuary  | Entered an ossuary
  6761 | D:7      | Reached skill level 13 in Fighting
  6761 | D:7      | Reached XP level 11. HP: 79/79 MP: 11/11
  7038 | D:7      | Found an iron altar of Okawaru.
  7046 | D:7      | Became a worshipper of Warmaster Okawaru
  7477 | D:8      | Noticed Maurice
  7520 | D:8      | Killed Maurice
  7651 | D:8      | Noticed Grum
  7732 | D:7      | Reached * piety under Okawaru
  7733 | D:7      | Reached skill level 14 in Fighting
  7837 | D:8      | Killed Grum
  8774 | D:8      | Reached ** piety under Okawaru
  8923 | D:9      | Noticed Gastronok
  8949 | D:9      | Killed Gastronok
  8949 | D:9      | Reached *** piety under Okawaru
  9383 | D:9      | Noticed a soul eater
  9402 | D:8      | Reached **** piety under Okawaru
  9501 | D:9      | Reached XP level 12. HP: 77/86 MP: 12/12
  9571 | D:9      | Noticed a centaur warrior
  9609 | D:9      | HP: 2/86 [centaur warrior/arrow (13)]
  9615 | D:9      | Shot with an arrow by a centaur warrior

Illustrated notes

Levels and vault maps discovered:
D:1:      dpeg_arrival_windows_large_door, layout_basic
D:2:      layout_rooms, serial_shops, shop, eino_tiny_chamber,
          kennysheep_generic_room_2, uniq_terence
D:3:      layout_rooms, mainiacjoe_overflow_cross_hatched,
          nicolae_ecumenical_pavilion, nicolae_wormholes
D:4:      layout_rooms, hangedman_decor_diamond_cutter
D:5:      layout_loops_cross, mainiacjoe_overflow_six_doors_small,
          mainiacjoe_overflow_alcove_2, corexii_item_surrounded_by_moat,
          guppyfry_shop_venom, uniq_ijyb, uniq_menkaure, uniq_edmund
D:6:      layout_loops_ring, minmay_temple_entry_crystal_x, eino_tiny_chamber,
          minmay_increasing_density
D:7:      layout_rooms, marbit_many_paths, nicolae_ossuary_entry_plus,
          uniq_duvessa
D:8:      layout_basic, uniq_maurice, uniq_grum
D:9:      minmay_the_grid_triangle_9x9_rhombus_thin
          [minmay_the_grid_triangle_9x9_stretched_checkered,
          minmay_the_grid_triangle_9x9_prize_top_heavy,
          minmay_the_grid_triangle_9x9_thin_v,
          minmay_the_grid_triangle_9x9_shrine], layout_basic,
          nicolae_overflow_hidden_temple, hangedman_decor_peaks_small,
          uniq_gastronok
Temple:   nicolae_temple_superstar

Skill      XL: |  1  2  3  4  5  6  7  8  9 10 11 |
---------------+----------------------------------+-----
Shields        | 4 5 6 8 9 |  9.8
Fighting       | 4 5 6 8 13 14 | 14.5
Armour         | 4 5 6 8 9 |  9.8
Maces & Flails | 3 4 5 7 8 |  8.7

Action                     |  1- 3 |  4- 6 |  7- 9 | 10-12 || total
---------------------------+-------+-------+-------+-------++-------
  Melee: Flail             |   102 |   206 |       |       ||   308
         Whip              |       |    38 |   381 |   537 ||   956
  Throw: Dart              |       |       |       |     2 ||     2
 Invoke: Heroism           |       |       |       |     1 ||     1
    Use: Scroll            |       |     2 |     8 |    12 ||    22
         Potion            |       |       |       |     1 ||     1
 Armour: Scale mail        |    52 |   152 |    46 |       ||   250
         Chain mail        |       |       |    91 |    47 ||   138
         Plate armour      |       |       |       |   182 ||   182
  Dodge: Dodged            |    57 |   182 |   199 |   260 ||   698
  Block: Buckler           |    24 |    86 |   108 |   175 ||   393
         Reflection        |       |       |     4 |    10 ||    14

Table legend: (Time is in decaauts)
 A = Elapsed time spent in this place.
 B = Non-inter-level travel time spent in this place.
 C = Inter-level travel time spent in this place.
 D = Time resting spent in this place.
 E = Time spent auto-exploring this place.
 F = Levels seen in this place.
 G = Mean time per level.
                   A        B        C        D        E       F      G
               +--------+--------+--------+--------+--------+-----+--------+
         Total |   9587 |   9198 |    389 |   1659 |   4975 |  11 |  871.5 |
       Dungeon |   8878 |   8523 |    355 |   1553 |   4605 |   9 |  986.4 |
        Temple |    148 |    114 |     34 |      0 |    100 |   1 |  148.0 |
       Ossuary |    559 |    559 |      0 |    106 |    270 |   1 |  559.0 |
               +--------+--------+--------+--------+--------+-----+--------+

Top non-repeatable levels by time:
     D:8: 1482 daAuts
     D:1: 1296 daAuts
     D:3: 1141 daAuts
     D:6: 965 daAuts
     D:4: 944 daAuts
     D:5: 940 daAuts
     D:7: 894 daAuts
     D:2: 636 daAuts
     D:9: 578 daAuts
 Ossuary: 559 daAuts
  Temple: 148 daAuts
